 Dungeon Crawl Stone Soup version 0.27-a0-1140-g099f9bb0e8 (webtiles) character file.

Game seed: 10797619591943493816

2 MisterAzrael the Skirmisher (level 1, 0/18 HPs)
             Began as a Demonspawn Fighter on May 9, 2021.
             Slain by a goblin
             ... wielding a +0 dagger
              (2 damage)
             ... on level 1 of the Dungeon.
             The game lasted 00:00:11 (98 turns).

MisterAzrael the Skirmisher (Demonspawn Fighter)      Turns: 98, Time: 00:00:12

Health: 0/18       AC:  6    Str: 16    XL:     1   Next: 33%
Magic:  1/1        EV:  6    Int:  9    God:
Gold:   0          SH:  8    Dex: 12    Spells: 0/0 levels left

rFire    . . .     SeeInvis .   a - +0 long sword
rCold    . . .     Faith    .   c - +0 kite shield
rNeg     . . .     Spirit   .   b - +0 scale mail
rPois    .         Reflect  .   (no helmet)
rElec    .         Harm     .   (no cloak)
rCorr    .         Rampage  .   (no gloves)
Will     .....                  (no boots)
Stlth    ..........             (no amulet)
HPRegen  0.06/turn              (no ring)
MPRegen  0.07/turn              (no ring)

@: no status effects
A: no striking features
a: no special abilities


You were on level 1 of the Dungeon.
You visited 1 branch of the dungeon, and saw 1 of its levels.

Inventory:

Hand Weapons
 a - a +0 long sword (weapon)
Armour
 b - a +0 scale mail (worn)
 c - a +0 kite shield (worn)
Jewellery
 g - a +4 ring of evasion
Potions
 d - a potion of might
 e - a potion of attraction {unknown}
 f - a potion of brilliance {unknown}


   Skills:
 + Level 3.0 Fighting
 + Level 1.8 Long Blades
 - Level 2.6 Armour
 + Level 2.7 Shields


You couldn't memorise any spells.
You didn't know any spells.
Your spell library was empty.

Dungeon Overview and Level Annotations

Branches:
Dungeon (1/15)

Altars:


Message History

You hit the kobold.
You kill the kobold!
A jackal comes into view.
You block the hobgoblin's attack.
You barely miss the jackal. You block the jackal's attack.
The hobgoblin hits you. The jackal barely misses you.
You barely miss the jackal. You block the jackal's attack.
The hobgoblin barely misses you.
You riposte.
You slash the hobgoblin!
You kill the hobgoblin!
The goblin hits you but does no damage. You block the jackal's attack.
The goblin hits you but does no damage.
You closely miss the jackal. You block the jackal's attack.
The jackal bites you but does no damage.
The endoplasm freezes you.
You are frozen.
The goblin hits you with a +0 dagger.
The jackal bites you but does no damage.
You are too injured to fight recklessly!
You are too injured to fight recklessly!
You are too injured to fight recklessly!
You are too injured to fight recklessly!
You are too injured to fight recklessly!
You block the jackal's attack. The endoplasm freezes you.
You are frozen.
* * * LOW HITPOINT WARNING * * *
You see here a ball python corpse.
The jackal pauses to sniff the ground.
The jackal barely misses you.
The jackal bites you but does no damage.
The jackal bites you.
* * * LOW HITPOINT WARNING * * *
You block the endoplasm's attack.
The jackal bites you but does no damage.
The endoplasm hits you but does no damage.
You see here a +4 ring of evasion.
g - a +4 ring of evasion The jackal bites you.
* * * LOW HITPOINT WARNING * * *
The goblin hits you with a +0 dagger.
You die...

######## ##...@h.#
#......gJ.#
#.##).....# #
.........# ####
##.###...# #.## ...
##.†###########.##
..#
#).'.......>.....
.#
#...†#.###########.
#..#.##.# #.


You could see an endoplasm, a jackal and a goblin.

Vanquished Creatures
  A hobgoblin (D:1)
  A ball python (D:1)
  A kobold (D:1)
3 creatures vanquished.

Notes
Turn   | Place    | Note
-------+----------+-------------------------------------------
     0 | D:1      | MisterAzrael the Demonspawn Fighter began the quest for the
                  | Orb.
     0 | D:1      | Reached XP level 1. HP: 18/18 MP: 1/1
    98 | D:1      | Slain by a goblin

Illustrated notes

Levels and vault maps discovered:
D:1:      mrwooster_arrival_statue, layout_basic,
          chequers_ecumenical_altar_simple, minmay_box_of_dots

Action                   || total
-------------------------++-------
Melee: Long sword        ||     5
Armor: Scale mail        ||     7
Dodge: Dodged            ||     4
Block: Kite shield       ||     8
       Rpst.: Long sword ||     1

Table legend: (Time is in decaauts)
 A = Elapsed time spent in this place.
 B = Non-inter-level travel time spent in this place.
 C = Inter-level travel time spent in this place.
 D = Time resting spent in this place.
 E = Time spent auto-exploring this place.
 F = Levels seen in this place.
 G = Mean time per level.
                   A        B        C        D        E       F      G
               +--------+--------+--------+--------+--------+-----+--------+
         Total |    100 |    100 |      0 |      0 |     80 |   1 |  100.0 |
       Dungeon |    100 |    100 |      0 |      0 |     80 |   1 |  100.0 |
               +--------+--------+--------+--------+--------+-----+--------+

Top non-repeatable levels by time:
     D:1: 100 daAuts
